 Dungeon Crawl Stone Soup version 0.25-a0-58-g9dd530fc12 (console) character file.

Game seed: 7672862839658943714, levelgen mode: deterministic

403 utis the Grasshopper (level 6, -2/37 HPs)
             Began as a Tengu Warper on Oct 27, 2019.
             Splashed by Ijyb's acid (11 damage)
             ... on level 4 of the Dungeon.
             The game lasted 00:10:33 (4199 turns).

utis the Grasshopper (Tengu Warper)                 Turns: 4199, Time: 00:10:33

Health: -2/37      AC:  6    Str: 13    XL:     6   Next: 86%
Magic:  10/10      EV: 17    Int: 13    God:
Gold:   298        SH:  0    Dex: 14    Spells: 2/9 levels left

rFire    . . .     SeeInvis .   a - +1 mace (drain)
rCold    . . .     Gourm    .   (no shield)
rNeg     . . .     Faith    .   m - +0 ring mail
rPois    .         Spirit   .   (helmet restricted)
rElec    .         Reflect  .   (no cloak)
rCorr    .         Harm     .   n - +0 pair of gloves
MR       +....                  (boots unavailable)
Stlth    +.........             (no amulet)
HPRegen  0.12/turn              M - ring of protection from magic
MPRegen  0.12/turn              E - +3 ring of evasion

@: flying quickly and evasively, quick
A: beak, talons 3, able to fly
a: Stop Flying


You were on level 4 of the Dungeon.
You were hungry.

You visited 1 branch of the dungeon, and saw 5 of its levels.

You collected 298 gold pieces.

Inventory:

Hand Weapons
 a - a +1 mace of draining (weapon)
 b - a +0 hunting sling
 j - a +0 mace
Missiles
 e - 5 boomerangs of dispersal {=f}
 g - 215 stones (quivered)
 l - 18 sling bullets
 o - 6 boomerangs
Armour
 m - a +0 ring mail (worn)
 n - a +0 pair of gloves (worn)
 u - a +0 leather armour
Jewellery
 w - an uncursed ring of stealth {unknown}
 E - a +3 ring of evasion (right hand)
 I - a +5 ring of intelligence
 M - a ring of protection from magic (left hand)
 S - a +2 ring of strength
 W - an uncursed ring of magical power
Scrolls
 c - a scroll of remove curse {@r2}
 d - a scroll of blinking
 r - a scroll of teleportation {unknown}
 s - a scroll of fear {unknown}
 t - a scroll of amnesia {unknown}
 x - a scroll of immolation {unknown}
Potions
 h - a potion of might {unknown}
 i - 2 potions of lignification
 k - 4 potions of curing {@q1}
 p - 2 potions of degeneration {unknown}
 q - a potion of haste {unknown}
 z - a potion of flight {unknown}
Comestibles
 f - 9 rations {@e1}


   Skills:
 + Level 3.0 Fighting
 * Level 4.2 Maces & Flails
 - Level 1.0 Throwing
 + Level 1.6 Armour
 * Level 3.4 Dodging
 - Level 2.0 Spellcasting
 + Level 4.6 Translocations


You had 2 spell levels left.
You knew the following spells:

 Your Spells              Type           Power        Failure   Level  Hunger
g - Shroud of Golubria    Chrm/Tloc      #.....       32%         2    ###....
o - Teleport Other        Tloc           ##......     24%         3    ####...
v - Blink                 Tloc           N/A          12%         2    ###....

Your spell library contained the following spells:

 Spells                   Type           Power        Failure   Level  Hunger
 Gell's Gravitas          Tloc           ##........   24%         3    ####...
 Lesser Beckoning         Tloc           ##........   24%         3    ####...
 Passage of Golubria      Tloc           N/A          63%         4    #####..


Dungeon Overview and Level Annotations

Branches:
Dungeon (5/15)
 Temple: D:4-7

Altars:

Shops:
D:4 [

Annotations:
D:4 Ijyb


Innate Abilities, Weirdness & Mutations

You have a beak for a mouth.
You have claws for feet.
You can fly continuously.


Message History

The iguana hisses angrily.
You hit Ijyb. You drain Ijyb. Your kick misses Ijyb.
Ijyb is almost dead.
Ijyb drinks a potion.
Ijyb is healed!
Ijyb hits you but does no damage.
You fly upwards.
There is a stone staircase leading down here.
You hit Ijyb but do no damage.
Ijyb is heavily wounded.
Ijyb closely misses you.
You closely miss Ijyb.
Ijyb is heavily wounded.
Ijyb closely misses you.
You closely miss Ijyb. You claw Ijyb.
Ijyb is heavily wounded.
Ijyb zaps a wand.
The bolt of acid hits you!!
Ouch! That really hurt!
* * * LOW HITPOINT WARNING * * *
You are splashed with acid!
You die...

░≈≈.░.░░░>..░.░
░≈..░.░░░░░░░.░░░░░
░≈..░.░░...........
░░≈≈.░.░░.........░░
░≈≈..░.░░.░░░░░░░.░
░≈░..░.░░.░ ░.░
░≈░░.░.░..░ ░.░░
░░.)......░ ░...
░.Q...░..░ ░...
░.g.░░░░.░ ░...
░...░░░░.░░░░░░░...
░░░..................
░....░░░░░.░░░░......
░.░░.░ ░.░░░░.░.░░.
░.░░.░ ░........░░.
░.░░.░ ░░░░░░.░.░░.
░.░░.░ ░.......░░.


You could see Ijyb.

Vanquished Creatures
  A black bear (D:4)
  A phantom (D:4)
  A hound (D:4)
  An orc priest (D:4)
  An iguana (D:3)
  A worker ant (D:4)
  2 adders
  3 oozes
  3 worms
  3 dart slugs
  2 leopard geckos (D:1)
  2 orcs (D:4)
  A giant cockroach (D:4)
  6 goblins
  10 hobgoblins
  2 jackals (D:4)
  3 quokkas
  3 ball pythons
  11 bats
  4 frilled lizards
  6 kobolds
  7 rats
74 creatures vanquished.

Notes
Turn   | Place    | Note
-------+----------+-------------------------------------------
     0 | D:1      | utis the Tengu Warper began the quest for the Orb.
     0 | D:1      | Reached XP level 1. HP: 12/12 MP: 4/4
   122 | D:1      | Reached XP level 2. HP: 11/17 MP: 6/6
   237 | D:1      | Learned a level 2 spell: Blink
   240 | D:1      | Learned a level 2 spell: Shroud of Golubria
   589 | D:1      | Reached XP level 3. HP: 22/22 MP: 7/7
  1475 | D:2      | Reached XP level 4. HP: 27/27 MP: 8/8
  1533 | D:2      | Found a faded altar of an unknown god.
  2145 | D:3      | Learned a level 3 spell: Teleport Other
  2646 | D:3      | Gained mutation: You can fly continuously. [Tengu growth]
  2646 | D:3      | Reached XP level 5. HP: 18/31 MP: 7/9
  3616 | D:4      | Found Zelujul's Antique Armour Boutique.
  3658 | D:4      | Noticed a phantom
  3762 | D:4      | Killed a phantom
  3762 | D:4      | Reached XP level 6. HP: 32/36 MP: 10/10
  3842 | D:4      | Noticed a black bear
  3854 | D:4      | Killed a black bear
  4191 | D:5      | Entered Level 5 of the Dungeon
  4191 | D:5      | Noticed Ijyb
  4199 | D:4      | Splashed by Ijyb's acid

Levels and vault maps discovered:
D:1:      onia_arrival_handbag, layout_loops_cross, minmay_pentomino_t2
D:2:      layout_basic, chequers_ecumenical_altar_simple_redux,
          corexii_leaking_fountain, grunt_ministairs_2, minmay_crystal_water
D:3:      layout_loops_ring, dk_vineyard_2, corexii_item_surrounded_by_moat
D:4:      layout_loops_ring, serial_shops, nicolae_shop_waterfront,
          serial_rivers, chequers_serial_rivers_large_a,
          chequers_serial_rivers_small_a, chequers_serial_rivers_micro_c,
          chequers_serial_rivers_small_b, chequers_serial_rivers_room_a,
          first_ration
D:5:      layout_gridville, uniq_pikel, uniq_ijyb, uniq_eustachio

Skill      XL: |  1  2  3  4  5  6 |
---------------+-------------------+-----
Maces & Flails | 3 4 |  4.2
Dodging        | 3 |  3.4
Translocations | 3 4 |  4.6
Fighting       | 3 |  3.0
Throwing       | |  1.0
Armour         | |  1.6
Spellcasting   | |  2.0

Action                   |  1- 3 |  4- 6 || total
-------------------------+-------+-------++-------
Melee: Mace              |    82 |   101 ||   183
       Peck              |    14 |    13 ||    27
       Kick              |    11 |    24 ||    35
 Fire: Hunting sling     |       |    45 ||    45
Throw: Stone             |    24 |     2 ||    26
 Cast: Shroud of Golubri |     1 |     4 ||     5
 Abil: Fly               |       |     1 ||     1
  Use: Scroll            |       |     4 ||     4
  Eat: Chunk             |     1 |     9 ||    10
Armor: Leather armour    |    19 |       ||    19
       Ring mail         |    17 |    29 ||    46
Dodge: Dodged            |    50 |    72 ||   122

Table legend:
 A = Non-vault XP
 B = Vault XP
 C = Vault XP percentage of total XP
 D = Non-vault monster count
 E = Vault monster count
 F = Vault count percentage of total count
                 A         B        C        D         E       F
            +---------+---------+-------+---------+---------+-------
      Total |     555 |      22 |   3.8 |      66 |       8 |  10.8
            +---------+---------+-------+---------+---------+-------
        D:1 |      39 |      19 |  32.8 |      22 |       6 |  21.4
        D:2 |      26 |       3 |  10.3 |      10 |       2 |  16.7
        D:3 |      83 |       0 |   0.0 |      18 |       0 |   0.0
        D:4 |     407 |       0 |   0.0 |      16 |       0 |   0.0
            +---------+---------+-------+---------+---------+-------
